 Dungeon Crawl Stone Soup version 0.22.1-1-ga44c0e56f4 (webtiles) character file.

819 Gargoyl the Chopper (level 7, -4/60 HPs)
             Began as a Centaur Abyssal Knight on Oct 19, 2018.
             Was a Priest of Lugonu.
             Slain by Menkaure (12 damage)
             ... on level 6 of the Dungeon.
             The game lasted 00:09:53 (4786 turns).

Gargoyl the Chopper (Centaur Abyssal Knight)        Turns: 4786, Time: 00:09:54

Health: -4/60      AC: 10    Str: 15    XL:     7   Next: 63%
Magic:  10/10      EV:  4    Int: 11    God:    Lugonu [***...]
Gold:   202        SH:  0    Dex: 10    Spells: 6/6 levels left

rFire    . . .     SeeInvis .   a - +3 hand axe
rCold    . . .     Gourm    .   (no shield)
rNeg     + . .     Faith    .   k - +2 chain mail
rPois    .         Spirit   .   (no helmet)
rElec    .         Reflect  .   (no cloak)
rCorr    +         Harm     .   (no gloves)
MR       .....                  (no barding)
Stlth    ..........             (no amulet)
HPRegen  0.20/turn              i - ring of positive energy
MPRegen  0.12/turn              t - ring of resist corrosion

@: very quick
A: large, hooves 3, deformed body, speed 2, tough skin 3
a: Depart the Abyss, Bend Space, Banish, Renounce Religion


You were on level 6 of the Dungeon.
You worshipped Lugonu.
Lugonu was most pleased with you.
You were hungry.

You visited 1 branch of the dungeon, and saw 6 of its levels.
You visited the Abyss 1 time.

You collected 202 gold pieces.

Inventory:

Hand Weapons
 a - a +3 hand axe (weapon)
Missiles
 s - 4 javelins (quivered)
Armour
 k - a +2 chain mail (worn)
Jewellery
 i - a ring of positive energy (left hand)
 q - the ring of the King {rC+ MR+ AC+1 Slay-4 SInv}
   (You found it on level 4 of the Dungeon)

   [ring of protection]

   It affects your AC (+1).
   It affects your accuracy and damage with ranged weapons and melee attacks
   (-4).
   It protects you from cold.
   It affects your resistance to hostile enchantments.
   It lets you see invisible.
 r - an uncursed ring of protection from fire
 t - a ring of resist corrosion (right hand)
 v - the amulet of the Saviour {Gourm rC+ Dex-2 Stlth+, unknown}
   (You found it on level 6 of the Dungeon)

   [amulet of the gourmand]

   It allows you to eat raw meat even when not hungry.
   It affects your dexterity (-2).
   It protects you from cold.
   It makes you more stealthy.
 w - an uncursed ring of protection from fire
 x - an uncursed amulet of rage {unknown}
Wands
 b - a wand of paralysis (12)
 o - a wand of random effects (28)
Scrolls
 f - 7 scrolls of identify
 h - a scroll of fog
 u - 2 scrolls of teleportation
Potions
 d - a potion of resistance
 e - 2 potions of mutation {unknown}
 g - 2 potions of heal wounds {unknown}
 j - a potion of invisibility {unknown}
 l - a potion of curing {unknown}
 m - a potion of magic {unknown}
 n - 2 potions of flight
 p - a potion of degeneration {unknown}
Comestibles
 c - 10 rations


   Skills:
 + Level 4.4 Fighting
 + Level 4.9 Axes
 * Level 3.7 Armour
 + Level 1.1 Dodging
 * Level 4.4 Invocations


You had 6 spell levels left.
You didn't know any spells.
Your spell library was empty.

Dungeon Overview and Level Annotations

Branches:
Dungeon (6/15)
 Temple: D:4-7

Altars:
Dithmenos
Kikubaaqudgha
Sif Muna
Trog

Shops:
D:4 (

Annotations:
D:6 Menkaure


Innate Abilities, Weirdness & Mutations

You have hooves in place of feet.
Armour fits poorly on your strangely shaped body.
You cover ground very quickly.
You have extremely tough skin. (AC +3)


Message History

Menkaure barely misses you.
You hit Menkaure. You kick Menkaure.
Menkaure is moderately damaged.
Menkaure calls on the powers of darkness!
Your body is wracked with pain!
You hit Menkaure.
Menkaure is moderately damaged.
Menkaure gestures wildly while chanting.
Menkaure seems to speed up.
You slash Menkaure!
Menkaure is heavily damaged.
Menkaure hits you!
You hit Menkaure but do no damage. Your kick misses Menkaure.
Menkaure is heavily damaged.
Menkaure hits you!
* * * LOW HITPOINT WARNING * * *
You hit Menkaure but do no damage.
Menkaure is heavily damaged.
Menkaure hits you!
You die...

#<# #......<....#
### #...........#
####.##.###.########
#.##.# #.........
#.##.###.........
#.##.............
#.###############
#######.# #....M@.#
#.#######


You could see Menkaure.

Vanquished Creatures
  A steam dragon (D:3)
  An ogre (D:4)
  A crimson imp (D:5)
  A bullfrog zombie (D:5)
  An orc priest (D:3)
  A bullfrog skeleton (D:6)
  A centaur skeleton (D:4)
  2 iguanas
  6 worker ants
  2 orc wizards
  3 hound skeletons
  6 adders
  2 oozes
  An adder skeleton (D:6)
  2 worms (D:2)
  2 leopard geckos
  14 orcs
  A ball python (D:1)
  9 giant cockroaches
  5 goblins
  7 hobgoblins
  4 jackals
  A quokka (D:5)
  14 bats
  6 frilled lizards
  A jackal skeleton (D:5)
  3 kobolds
  A quokka skeleton (D:4)
  3 rats (D:1)
102 creatures vanquished.

Vanquished Creatures (others)
  A rat (D:3)
1 creature vanquished.

Grand Total: 103 creatures vanquished

Notes
Turn   | Place    | Note
-------+----------+-------------------------------------------
     0 | Abyss:1  | Gargoyl the Centaur Abyssal Knight began the quest for the
                  | Orb.
     0 | Abyss:1  | Reached XP level 1. HP: 19/19 MP: 2/2
    52 | Abyss:1  | Noticed a flayed ghost
    54 | Abyss:1  | Noticed an eye of draining
    59 | Abyss:1  | Noticed a small abomination
    63 | Abyss:1  | Noticed a large abomination
    87 | Abyss:1  | Noticed a smoke demon
    90 | D:1      | Escaped the Abyss
   500 | D:1      | Reached XP level 2. HP: 23/26 MP: 3/3
   703 | D:1      | Reached * piety under Lugonu
   991 | D:2      | Reached XP level 3. HP: 27/31 MP: 4/4
  1318 | D:3      | HP: 1/33 [orc/whip (3)]
  1327 | D:3      | Reached XP level 4. HP: 2/40 MP: 5/5
  1634 | D:3      | Noticed a steam dragon
  1645 | D:3      | Killed a steam dragon
  1645 | D:3      | Reached skill level 1 in Dodging
  1645 | D:3      | Reached XP level 5. HP: 9/46 MP: 5/7
  2248 | D:2      | Reached ** piety under Lugonu
  2432 | D:2      | Reached XP level 6. HP: 48/52 MP: 8/8
  2899 | D:3      | Found a faded altar of an unknown god.
  3185 | D:4      | Got a twitching copper ring
  3196 | D:4      | Identified the ring of the King {rC+ MR+ AC+1 Slay-4 SInv}
                  | (You found it on level 4 of the Dungeon)
  3276 | D:4      | Found Hunir's Antique Weapon Emporium.
  3635 | D:4      | Reached XP level 7. HP: 60/60 MP: 9/9
  4051 | D:5      | Entered Level 5 of the Dungeon
  4144 | D:5      | Found an ancient bone altar of Kikubaaqudgha.
  4413 | D:5      | Found a shadowy altar of Dithmenos.
  4553 | D:5      | Found a deep blue altar of Sif Muna.
  4553 | D:5      | Found a bloodstained altar of Trog.
  4735 | D:6      | Reached *** piety under Lugonu
  4762 | D:6      | Got a scintillating lead amulet
  4779 | D:6      | Noticed Menkaure
  4786 | D:6      | Slain by Menkaure

Skill      XL: |  1  2  3  4  5  6  7 |
---------------+----------------------+-----
Axes           | 2 3 4 |  4.9
Armour         | 2 3 |  3.7
Fighting       | 4 |  4.4
Dodging        | 1 |  1.1
Invocations    | 3 4 |  4.4

Action                   |  1- 3 |  4- 6 |  7- 9 || total
-------------------------+-------+-------+-------++-------
Melee: Hand axe          |    72 |   166 |    73 ||   311
       Kick              |    13 |    29 |    15 ||    57
Invok: Depart the Abyss  |     1 |       |       ||     1
Evoke: Wand              |       |     2 |       ||     2
  Use: Scroll            |     7 |     2 |     7 ||    16
       Potion            |     3 |       |       ||     3
 Stab: Paralysed         |       |     4 |       ||     4
  Eat: Chunk             |       |     7 |     2 ||     9
Armor: Leather armour    |    18 |       |       ||    18
       Chain mail        |    46 |   123 |    38 ||   207
       Skin              |    11 |     2 |       ||    13
Dodge: Dodged            |    28 |    36 |    25 ||    89
